 Dungeon Crawl Stone Soup version 0.28.0-56-g4927b6849a (webtiles) character file.

Game seed: 16796457643124110581

144 mopl the Bolt Thrower (level 5, 0/45 HPs)
             Began as a Minotaur Hunter on Feb 2, 2023.
             Succumbed to a scorpion's poison
             ... on level 3 of the Dungeon.
             The game lasted 00:03:30 (2090 turns).

mopl the Bolt Thrower (Minotaur Hunter)             Turns: 2090, Time: 00:03:31

Health: 0/45       AC: 13    Str: 18    XL:     5   Next: 5%
Magic:  4/4        EV:  8    Int:  8    God:
Gold:   32         SH:  0    Dex: 11    Spells: 4/4 levels left

rFire   . . .      SeeInvis .   b - +0 short sword
rCold   . . .      Faith    .   (no shield)
rNeg    . . .      Spirit   .   h - +0 chain mail
rPois   .          Reflect  .   k - +2 hat
rElec   .          Harm     .   c - +0 cloak
rCorr   .          Rampage  .   l - +1 pair of gloves
Will    +....                   (no boots)
Stlth   ..........              (no amulet)
HPRegen 0.15/turn               n - ring of willpower
MPRegen 0.09/turn               (no ring)

@: lethally poisoned (0 -> -6)
A: horns 2, retaliatory headbutt, camouflage 1
a: no special abilities


You were on level 3 of the Dungeon.
You visited 1 branch of the dungeon, and saw 3 of its levels.

You collected 68 gold pieces.
You spent 36 gold pieces at shops.

Inventory:

Hand Weapons
 a - a +1 hand crossbow
 b - a +0 short sword (weapon)
Missiles
 d - 59 bolts
 p - 4 poisoned darts (quivered)
Armour
 c - a +0 cloak (worn)
 h - a +0 chain mail (worn)
 k - a +2 hat (worn)
 l - a +1 pair of gloves (worn)
Jewellery
 n - a ring of willpower (left hand)
Scrolls
 e - 4 scrolls of identify {unknown}
 f - 3 scrolls of teleportation {unknown}
 g - a scroll of noise {unknown}
 i - a scroll of enchant armour {unknown}
 o - a scroll of magic mapping {unknown}


   Skills:
 + Level 3.4 Fighting
 * Level 5.8 Crossbows
 + Level 2.1 Armour
 + Level 3.0 Dodging
 - Level 0.7 Stealth


You had 4 spell levels left.
You didn't know any spells.
Your spell library was empty.

Dungeon Overview and Level Annotations

Branches:
Dungeon (3/15)

Altars:

Shops:
D:1 ===![


Innate Abilities, Weirdness & Mutations

You have a pair of horns on your head.
You reflexively headbutt those who attack you in melee.
Your skin changes colour to match your surroundings (Stealth+).


Message History

You are too injured to fight recklessly!
You are too injured to fight recklessly!
Okay, then.
Throw: 6 darts (poison)
Press: ? - help, Q - select action Shift-Dir - straight line, f - scorpion
Aim: a scorpion (moderately wounded, 56% to hit)
You throw a poisoned dart. The poisoned dart hits the scorpion.
The scorpion is poisoned.
The scorpion is moderately wounded.
You feel very sick.
The scorpion stings you but does no damage.
Throw: 5 darts (poison)
Press: ? - help, Q - select action Shift-Dir - straight line, f/p - scorpion
Aim: a scorpion (heavily wounded, poisoned, 56% to hit)
You throw a poisoned dart. The poisoned dart hits the scorpion.
The scorpion looks even sicker.
The scorpion is heavily wounded.
* * * LOW HITPOINT WARNING * * *
You feel very sick.
The scorpion stings you but does no damage.
* * * LOW HITPOINT WARNING * * *
You feel very sick.
It was a potion of curing.
You feel better. The scorpion stings you.
* * * LOW HITPOINT WARNING * * *
You are lethally poisoned!
The scorpion poisons you!
You hit the scorpion.
You kill the scorpion!
* * * LOW HITPOINT WARNING * * *
You feel very sick.
Your Armour skill increases to level 2!
Your Dodging skill increases to level 3!
You have reached level 5!
It was a potion of mutation.
You feel extremely strange.
Your skin functions as natural camouflage.
* * * LOW HITPOINT WARNING * * *
You feel sick.
* * * LOW HITPOINT WARNING * * *
You feel sick.
You die...

#.# ##.# #######.# #.#
#....>..# #.#
#.####..#### ##+#
#.#........# ##...
#.#.....##.###....
#.#.##.###.##>....
#######.......##.#......
.......@.........'......
#########.#...####>.....
#.##.## ##..... #.####
##.... #.## ##... #..#
##+# ##.# #.# #.#
######.# ##.## #......#


There were no monsters in sight!

Vanquished Creatures
  A scorpion (D:3)
  2 adders (D:2)
  3 worms (D:2)
  4 dart slugs
  3 bats (D:1)
  7 endoplasms
  3 giant cockroaches
  3 goblins (D:1)
  6 hobgoblins
  5 jackals
  A quokka (D:1)
  3 ball pythons
  A frilled lizard (D:2)
  5 kobolds
  3 rats
50 creatures vanquished.

Notes
Turn   | Place    | Note
-------+----------+-------------------------------------------
     0 | D:1      | mopl the Minotaur Hunter began the quest for the Orb.
     0 | D:1      | Reached XP level 1. HP: 18/18 MP: 0/0
    39 | D:1      | Reached XP level 2. HP: 13/25 MP: 1/1
   101 | D:1      | Reached skill level 5 in Crossbows
   182 | D:1      | Found Daagac's Distillery.
   448 | D:1      | Found Kotochen's Jewellery Emporium.
   473 | D:1      | Found Puquett's Jewellery Shoppe.
   551 | D:1      | Reached XP level 3. HP: 26/30 MP: 2/2
   703 | D:1      | Found Noedup's Jewellery Boutique.
   858 | D:1      | Found Ved Zunu's Armour Boutique.
  1031 | D:2      | Reached skill level 1 in Armour
  1262 | D:2      | Reached skill level 3 in Fighting
  1262 | D:2      | Reached XP level 4. HP: 27/38 MP: 3/3
  1661 | D:2      | Found a faded altar of an unknown god.
  1728 | D:1      | Bought a potion of attraction for 36 gold pieces
  2077 | D:3      | Noticed a scorpion
  2087 | D:3      | Killed a scorpion
  2088 | D:3      | Reached skill level 2 in Armour
  2088 | D:3      | Reached skill level 3 in Dodging
  2088 | D:3      | Reached XP level 5. HP: 5/45 MP: 4/4
  2088 | D:3      | Gained mutation: Your skin changes colour to match your
                  | surroundings (Stealth+). [potion of mutation]
  2089 | D:3      | HP: 2/45 [poisoned by a scorpion]
  2090 | D:3      | Succumbed to a scorpion's poison

Illustrated notes

Levels and vault maps discovered:
D:1:      psy_arrival_spokes, layout_rooms, serial_shops, shop,
          nicolae_shop_statue_plus, shop, shop, shop, serial_curves,
          eino_curves_02, eino_curves_04, eino_curves_02, eino_curves_01,
          minmay_heptomino_o4
D:2:      layout_basic, nicolae_ecumenical_lake_church, solitary_fountain
D:3:      layout_loops_corners, mainiacjoe_overflow_alcove_1

Skill      XL: |  1  2  3  4 |
---------------+-------------+-----
Crossbows      | 5 |  5.8
Armour         | 1 2 |  2.1
Fighting       | 3 |  3.4
Dodging        | 3 |  3.0
Stealth        | |  0.7

Action                   |  1- 3 |  4- 6 || total
-------------------------+-------+-------++-------
Melee: Short sword       |    98 |    36 ||   134
       Headbutt          |    17 |     3 ||    20
       Punch             |     1 |     2 ||     3
Throw: Dart              |       |     2 ||     2
  Use: Potion            |       |     2 ||     2
Armor: Leather armour    |     9 |       ||     9
       Chain mail        |    52 |    19 ||    71
Dodge: Dodged            |    50 |     6 ||    56
